 Dungeon Crawl Stone Soup version 0.26-a0-658-gbdda728c12 (webtiles) character file.

Game seed: 3713127878916663747

68 marklar909 the Sneak (level 4, -3/24 HPs)
             Began as a Kobold Enchanter on Oct 4, 2020.
             Slain by Sigmund
             ... wielding a +1 scythe of venom
              (13 damage)
             ... on level 2 of the Dungeon.
             The game lasted 00:02:45 (1999 turns).

marklar909 the Sneak (Kobold Enchanter)             Turns: 1999, Time: 00:02:46

Health: -3/24      AC:  2    Str:  6    XL:     4   Next: 41%
Magic:  2/7        EV: 15    Int: 16    God:
Gold:   116        SH:  0    Dex: 15    Spells: 2/8 levels left

rFire    . . .     SeeInvis .   a - +1 dagger
rCold    . . .     Faith    .   (shield restricted)
rNeg     . . .     Spirit   .   b - +0 robe
rPois    .         Reflect  .   (no helmet)
rElec    .         Harm     .   (no cloak)
rCorr    .         Rampage  .   (no gloves)
MR       .....                  (no boots)
Stlth    ++++......             (no amulet)
HPRegen  0.08/turn              (no ring)
MPRegen  0.10/turn              (no ring)

@: confusing touch
A: small, nightstalker 3
a: no special abilities


You were on level 2 of the Dungeon.
You visited 1 branch of the dungeon, and saw 2 of its levels.

You collected 116 gold pieces.

Inventory:

Hand Weapons
 a - a +1 dagger (weapon)
Armour
 b - a +0 robe (worn)
Scrolls
 c - 3 scrolls of identify {unknown}
 d - 2 scrolls of fog {unknown}
 e - a scroll of remove curse {unknown}
 f - a scroll of random uselessness {unknown}
 g - 2 scrolls of teleportation {unknown}
 h - a scroll of noise {unknown}
 i - a scroll of blinking {unknown}


   Skills:
 + Level 2.2 Short Blades
 + Level 2.8 Dodging
 + Level 5.2 Stealth
 + Level 2.6 Spellcasting
 + Level 3.5 Hexes
 + Level 0.1 Ice Magic


You had 2 spell levels left.
You knew the following spells:

 Your Spells              Type           Power        Failure   Level
a - Corona                Hex            ##.....      4%          1
b - Ensorcelled Hibernat  Hex/Ice        #.....       14%         2
c - Confusing Touch       Hex            ##......     14%         3

Your spell library contained the following spells:

 Spells                   Type           Power        Failure   Level
 Tukima's Dance           Hex            ##......     14%         3
 Dazzling Flash           Conj/Hex       #.....       28%         3


Dungeon Overview and Level Annotations

Branches:
Dungeon (2/15)

Altars:
Kikubaaqudgha
The Shining One

Annotations:
D:2 Sigmund


Innate Abilities, Weirdness & Mutations

You are small and have problems with some larger weapons.
You are completely attuned to the shadows.


Message History

Sigmund casts a spell at you. The magic dart hits you.
Unknown command.
You aren't carrying any items that you can evoke.
You aren't carrying any items that you can evoke.
Casting: Ensorcelled Hibernation (safe; 14% risk of failure)
Confirm with . or Enter, or press ? or * to list all spells.
Okay, then.
Casting: Ensorcelled Hibernation (safe; 14% risk of failure)
Confirm with . or Enter, or press ? or * to list all spells.
The spell is quite dangerous to cast (14% risk of failure)!
Continue anyway?
Your hands begin to glow red.
The rat barely misses you. Sigmund casts a spell at you.
The magic dart hits you!
You hit Sigmund but do no damage.
Sigmund is severely wounded.
The rat bites you.
Sigmund hits you with a +1 scythe of venom!
Ouch! That really hurt!
You die...

################
#####.......##......
#...#.......##......
#.........†.##......
#[..................
##...........#.#####.
#(...#######.........
.....................
#.#.@#####.#.#.#.....
...r@# ###.#.#.#.####
#.#... #.....#.#...##
#....#.#.#####.###.#<
...##.#.....#.# #.##
#####.#.# #.#
#.#.###.#
#####.#.....##
..............


You could see Sigmund and a rat.

Vanquished Creatures
  Terence (D:2)
  An adder (D:2)
  An ooze (D:2)
  A worm (D:2)
  A dart slug (D:1)
  2 leopard geckos
  6 bats (D:1)
  A giant cockroach (D:1)
  5 goblins
  A hobgoblin (D:2)
  A ball python (D:2)
  A frilled lizard (D:1)
  A kobold (D:1)
  5 rats
28 creatures vanquished.

Notes
Turn   | Place    | Note
-------+----------+-------------------------------------------
     0 | D:1      | marklar909 the Kobold Enchanter began the quest for the
                  | Orb.
     0 | D:1      | Reached XP level 1. HP: 10/10 MP: 3/3
   133 | D:1      | Reached XP level 2. HP: 4/15 MP: 3/5
  1147 | D:1      | Reached XP level 3. HP: 19/19 MP: 6/6
  1458 | D:1      | Learned a level 2 spell: Ensorcelled Hibernation
  1462 | D:1      | Learned a level 3 spell: Confusing Touch
  1546 | D:2      | Noticed Terence
  1550 | D:2      | Killed Terence
  1633 | D:2      | Found an ancient bone altar of Kikubaaqudgha.
  1658 | D:2      | Found a glowing golden altar of the Shining One.
  1766 | D:2      | Reached XP level 4. HP: 23/24 MP: 0/7
  1838 | D:2      | Reached skill level 5 in Stealth
  1992 | D:2      | Noticed Sigmund
  1999 | D:2      | Slain by Sigmund

Illustrated notes

Levels and vault maps discovered:
D:1:      lemuel_arrival_river_ford, layout_loops_corners,
          corexii_hall_statues_t, minmay_unequal
D:2:      layout_basic, old_standard_altar, okawaru_trees_2, tgw_kikubaaqudgha,
          uniq_terence, uniq_sigmund

Skill      XL: |  1  2  3  4 |
---------------+-------------+-----
Short Blades   | 2 |  2.2
Stealth        | 5 |  5.2
Dodging        | |  2.8
Spellcasting   | |  2.6
Hexes          | |  3.5
Ice Magic      | |  0.1

Action                   |  1- 3 |  4- 6 || total
-------------------------+-------+-------++-------
Melee: Dagger            |    53 |    12 ||    65
 Cast: Corona            |    15 |       ||    15
       Ensorcelled Hiber |     3 |     2 ||     5
       Confusing Touch   |       |     1 ||     1
 Stab: Sleeping          |    17 |     4 ||    21
Armor: Robe              |     7 |       ||     7
Dodge: Dodged            |    38 |     8 ||    46

Table legend: (Time is in decaauts)
 A = Elapsed time spent in this place.
 B = Non-inter-level travel time spent in this place.
 C = Inter-level travel time spent in this place.
 D = Time resting spent in this place.
 E = Time spent auto-exploring this place.
 F = Levels seen in this place.
 G = Mean time per level.
                   A        B        C        D        E       F      G
               +--------+--------+--------+--------+--------+-----+--------+
         Total |   1999 |   1943 |     56 |    208 |   1489 |   2 |  999.5 |
       Dungeon |   1999 |   1943 |     56 |    208 |   1489 |   2 |  999.5 |
               +--------+--------+--------+--------+--------+-----+--------+

Top non-repeatable levels by time:
     D:1: 1466 daAuts
     D:2: 533 daAuts
